 Dungeon Crawl Stone Soup version 0.19.1 (webtiles) character file.

54795 rickard9 the Carver (level 14, -7/110 HPs)
             Began as a Demonspawn Gladiator on Dec 9, 2016.
             Was a High Priest of Ashenzari.
             Mangled by a dire elephant (17 damage)
             ... on level 6 of the Lair of Beasts.
             The game lasted 01:00:57 (16530 turns).

rickard9 the Carver (Demonspawn Gladiator)         Turns: 16530, Time: 01:00:58

Health: -7/110     AC: 22    Str: 16    XL:     14   Next: 35%
Magic:  19/19      EV: 17    Int: 11    God:    Ashenzari [*****.]
Gold:   860        SH:  7    Dex: 17    Spells: 0 memorised, 13 levels left

rFire  . . .     SeeInvis +     D - +4 scimitar (flame) (curse)
rCold  . . .     Gourm    .     p - +2 ring mail {rPois} (curse)
rNeg   . . .     Faith    .     v - +1 buckler (curse)
rPois  +         Spirit   .     O - +2 hat
rElec  .         Reflect  .     U - +0 cloak
rCorr  .         Harm     .     (no gloves)
MR     +....     Clarity  +     o - +0 pair of boots (curse)
Stlth  ++........               (no amulet)
                                k - ring of flight
                                X - +3 ring of slaying

@: about to teleport, sanguine armour
A: antennae 2, demonic guardian 1, spiny 2, sanguine armour 2
a: Curse Item, Scrying, Transfer Knowledge, Renounce Religion, Evoke Flight


You were on level 6 of the Lair of Beasts.
You worshipped Ashenzari.
Ashenzari was extremely pleased with you.
You were not hungry.

You visited 2 branches of the dungeon, and saw 17 of its levels.
You also visited: Ossuary and Volcano.

You collected 860 gold pieces.

Inventory:

Hand Weapons
 a - a +2 demon blade of flaming
 D - a cursed +4 scimitar of flaming (weapon)
 Y - a +1 great sword of flaming
Armour
 d - a +1 leather armour of fire resistance
 o - a cursed +0 pair of boots (worn)
 p - a cursed +2 ring mail of poison resistance (worn)
 q - a +0 shield
 v - a cursed +1 buckler (worn)
 O - a +2 hat (worn)
 U - a +0 cloak (worn)
 V - a +0 ring mail of fire resistance
Jewellery
 j - an uncursed ring of poison resistance
 k - a ring of flight (right hand)
 s - a cursed ring of teleportation
 H - an uncursed ring of fire
 X - a +3 ring of slaying (left hand)
Wands
 c - a wand of iceblast (10/15)
 i - a wand of flame (27/48)
 t - a wand of flame (24/48)
 x - a wand of slowing (20/48)
 N - a wand of lightning (15/15)
 S - a wand of teleportation (5/9)
Scrolls
 e - 5 scrolls of remove curse
 h - 13 scrolls of identify
 r - a scroll of amnesia
 u - 3 scrolls of teleportation
 w - 2 scrolls of immolation
 y - a scroll of torment
 A - a scroll of magic mapping
 C - 3 scrolls of random uselessness
 E - 11 scrolls of fog
 K - 2 scrolls of enchant weapon
 W - 3 scrolls of enchant armour
Potions
 g - 5 potions of curing
 m - a potion of agility
 n - a potion of brilliance
 z - 4 potions of cancellation
 B - a potion of invisibility
 F - 5 potions of flight
 Z - 2 potions of might
Miscellaneous
 b - a lamp of fire
Comestibles
 f - 17 bread rations
 l - 7 meat rations
 G - 5 fruits


   Skills:
 - Level 10.1 Fighting
 - Level 12.0(15.6) Long Blades
 - Level 1.8 Throwing
 - Level 9.3 Armour
 + Level 9.3 Dodging
 - Level 5.2 Stealth
 - Level 5.4(8.1) Shields
 - Level 5.1 Unarmed Combat
 - Level 6.8 Evocations


You had 13 spell levels left.
You didn't know any spells.

Dungeon Overview and Level Annotations

Branches:
Dungeon (11/15)            Temple (0/1) D:4            Lair (6/6) D:10
 Shoals (0/4) Lair:3       Spider (0/4) Lair:3        Slime (0/5) Lair:5
    Orc (0/2) D:10

Altars:
Ashenzari
Elyvilon
Fedhas
Hepliaklqana
Makhleb
Nemelex Xobeh
Ru
Xom
Jiyva

Shops:
D:6 %

Annotations:
D:11 Urug
Lair:6 1 exclusion


Innate Abilities, Weirdness & Mutations

You have a pair of antennae on your head.
A weak demonic guardian rushes to your aid.
You are mostly covered in sharp spines.
When seriously injured, your bleeding wounds create thick armour. (AC +9)


Message History

* * * LOW HITPOINT WARNING * * *
You hold your ground!
The dire elephant trunk-slaps you but does no damage.
The dire elephant is struck by your spines.
The dire elephant closely misses you.
You riposte.
You slash the dire elephant! You burn the dire elephant!
The dire elephant is heavily wounded.
You block the dire elephant's attack.
Your shadow imp hits the dire elephant but does no damage.
The dire elephant tramples your shadow imp!!
Your shadow imp holds its ground!
Your shadow imp dies!
The dire elephant is struck by your spines.
The dire elephant tramples you!!
* * * LOW HITPOINT WARNING * * *
You stumble backwards!
As you read the scroll of teleportation, it crumbles to dust.
You feel strangely unstable.
You block the dire elephant's attack. x2
The dire elephant tramples you!
You die...

#....#.⌠.'...........
#....#8..'..........<
*....##8.#...........
#''####.#...........
##≈≈≈.##.#.........##
#≈≈≈≈≈.#.#........###
#≈≈≈≈≈≈#.#........###
#..YY≈##.#.....[...#.
##.Y@≈#{.#........P..
##'####.##..[......P.
#8.8#..P#♣........P.#
###...#.###.........P..
#.#..##.##..........###
##.'..#..##............P
##..'..#.##♣....[........
#..#####.# ♣.............
#...#8...# #♣............


You could see 3 dire elephants.

Vanquished Creatures
  A stone giant (Volcano)
  Josephine (Lair:4)
  4 hydras
  Erica (D:8)
  An anaconda (Lair:6)
  Nergalle (Lair:2)
  An orb spider (Lair:3)
  A manticore (D:11)
  Maurice (D:8)
  9 elephants (Lair:6)
  7 black mambas
  Joseph (D:8)
  11 spiny frogs
  6 komodo dragons
  An efreet (Volcano)
  2 polar bears (Lair:4)
  2 hornets (D:10)
  4 blink frogs (Lair:3)
  13 hippogriffs
  A spriggan (D:7)
  3 wraiths (Lair:4)
  3 fire elementals (Volcano)
  A wyvern (D:11)
  32 yaks
  3 basilisks
  Edmund (D:5)
  10 water moccasins
  6 porcupines
  2 ice beasts (D:11)
  3 orc warriors
  A black bear (D:10)
  2 phantoms
  A sky beast (D:7)
  3 eyes of draining
  5 ogres
  7 centaurs
  4 wolves (Lair:6)
  8 crocodiles
  7 bullfrogs
  An earth elemental (Volcano)
  2 scorpions
  6 killer bees
  A bullfrog zombie (D:3)
  A centaur zombie (D:9)
  2 crimson imps
  A jelly (D:11)
  A human zombie (Ossuary)
  A lava snake (D:10)
  A quasit (D:7)
  10 orc priests
  A bullfrog skeleton (D:10)
  A centaur skeleton (D:9)
  4 hounds
  5 orc wizards
  3 iguanas
  6 worker ants
  3 mummies (Ossuary)
  A worker ant zombie (D:8)
  5 gnolls
  13 adders
  2 shadow imps
  5 adder zombies
  An adder skeleton (D:9)
  5 worms
  3 dart slugs
  10 leopard geckos
  46 orcs
  5 bats
  9 giant cockroaches
  A gnoll zombie (Ossuary)
  12 hobgoblins
  8 jackals (D:8)
  4 quokkas
  2 ball pythons
  6 frilled lizards
  9 goblins
  2 goblin zombies (Ossuary)
  3 hobgoblin zombies (Ossuary)
  A jackal skeleton (D:5)
  A jackal zombie (D:6)
  7 kobolds
  3 kobold zombies (Ossuary)
  A leopard gecko zombie (D:9)
  4 quokka zombies
  8 rats
  2 rat zombies (Ossuary)
  5 plants (Lair:6)
405 creatures vanquished.

Vanquished Creatures (collateral kills)
  2 komodo dragons
  A hippogriff (Lair:2)
  6 yaks
  A porcupine (Lair:2)
  A crocodile (Lair:3)
  A gnoll (D:11)
12 creatures vanquished.

Vanquished Creatures (others)
  A jelly (D:9)
  4 fungi (Lair:6)
  5 plants
10 creatures vanquished.

Grand Total: 427 creatures vanquished

Notes
Turn   | Place    | Note
-------+----------+-------------------------------------------
     0 | D:1      | rickard9 the Demonspawn Gladiator began the quest for the Orb.
     0 | D:1      | Reached XP level 1. HP: 16/16 MP: 1/1
    46 | D:1      | Reached skill level 3 in Long Blades
    48 | D:1      | Gained mutation: When seriously injured, your bleeding wounds create armour. (AC +9) [demonic ancestry]
    48 | D:1      | Reached XP level 2. HP: 13/22 MP: 2/2
   646 | D:2      | Found a shattered altar of Ashenzari.
   684 | D:2      | Reached XP level 3. HP: 21/27 MP: 3/3
   833 | D:2      | Reached skill level 4 in Long Blades
  1052 | D:2      | Found a shattered altar of Ashenzari.
  1057 | D:2      | Became a worshipper of Ashenzari the Shackled
  1335 | D:2      | Reached XP level 4. HP: 25/33 MP: 4/4
  2058 | D:3      | Reached skill level 5 in Long Blades
  2142 | D:3      | Found a hazy altar of Hepliaklqana.
  2143 | D:3      | Found a shimmering altar of Xom.
  2143 | D:3      | Noticed a hell beast
  2144 | D:3      | Noticed a hell beast
  2144 | D:3      | Noticed a spectral ugly thing
  2405 | D:3      | Found a sacrificial altar of Ru.
  2412 | D:3      | Gained mutation: You have a pair of small antennae on your head. [demonic ancestry]
  2412 | D:3      | Reached XP level 5. HP: 23/38 MP: 5/5
  3321 | D:4      | Reached skill level 6 in Long Blades
  3435 | D:4      | Found a white marble altar of Elyvilon.
  3488 | D:4      | Gained mutation: When seriously injured, your bleeding wounds create thick armour. (AC +9) [demonic ancestry]
  3488 | D:4      | Reached XP level 6. HP: 44/44 MP: 6/6
  3732 | D:4      | Found a staircase to the Ecumenical Temple.
  3880 | D:5      | Entered Level 5 of the Dungeon
  3920 | D:5      | Reached * piety under Ashenzari
  3980 | D:5      | Noticed Edmund
  4489 | D:5      | Killed Edmund
  4489 | D:5      | Reached skill level 7 in Long Blades
  4489 | D:5      | Gained mutation: You are partially covered in sharp spines. [demonic ancestry]
  4489 | D:5      | Reached XP level 7. HP: 11/50 MP: 7/7
  5080 | D:6      | Found Upnimab's Food Shoppe.
  5101 | D:6      | Found a sand-covered staircase.
  5127 | D:6      | HP: 1/50 [orc warrior/hand axe (11)]
  5260 | Ossuary  | Entered an ossuary
  5705 | D:6      | Reached XP level 8. HP: 56/56 MP: 8/8
  5714 | D:6      | Reached skill level 5 in Shields
  5774 | D:6      | Found a sparkling altar of Nemelex Xobeh.
  6070 | D:7      | Reached ** piety under Ashenzari
  6241 | D:7      | Reached skill level 8 in Long Blades
  7104 | D:6      | Reached skill level 9 in Long Blades
  7372 | D:7      | Gained mutation: A weak demonic guardian rushes to your aid. [demonic ancestry]
  7372 | D:7      | Reached XP level 9. HP: 29/61 MP: 9/9
  7536 | D:7      | Found a blossoming altar of Fedhas.
  7838 | D:8      | Noticed Erica
  7853 | D:8      | Killed Erica
  7853 | D:8      | Reached skill level 10 in Long Blades
  8172 | D:8      | Reached skill level 11 in Long Blades
  8259 | D:8      | Noticed Joseph
  8259 | D:8      | Noticed Maurice
  8523 | D:8      | Killed Maurice
  8539 | D:8      | Killed Joseph
  8539 | D:8      | Reached skill level 12 in Long Blades
  8539 | D:8      | Reached XP level 10. HP: 54/67 MP: 10/10
  8557 | D:8      | Reached skill level 1 in Armour
  9447 | D:9      | Noticed a fire dragon
  9544 | D:9      | Identified the cursed +1 spear of the Nine Orbs {pierce, rC+ Str-2 Int+10}
  9670 | D:10     | Entered Level 10 of the Dungeon
  9878 | D:10     | Reached skill level 5 in Armour
  9935 | D:10     | Reached *** piety under Ashenzari
  9947 | D:10     | Found a staircase to the Orcish Mines.
  9950 | D:10     | Found a staircase to the Lair.
 10310 | D:11     | Noticed a manticore
 10323 | D:11     | Killed a manticore
 10539 | D:11     | Noticed Urug
 10587 | Lair:1   | Entered Level 1 of the Lair of Beasts
 10870 | Lair:1   | Noticed a spiny frog
 10879 | Lair:1   | Killed a spiny frog
 10879 | Lair:1   | Reached skill level 5 in Dodging
 10952 | Lair:1   | Reached XP level 11. HP: 48/72 MP: 11/11
 11231 | Lair:1   | Noticed a four-headed hydra
 11243 | Lair:1   | Killed a one-headed hydra
 12241 | Lair:2   | Reached skill level 5 in Fighting
 12247 | Lair:2   | Reached **** piety under Ashenzari
 12417 | Lair:2   | Noticed Nergalle
 12544 | Lair:2   | Killed Nergalle
 12559 | Lair:2   | Gained mutation: You have a pair of antennae on your head. [demonic ancestry]
 12559 | Lair:2   | Reached XP level 12. HP: 73/89 MP: 12/12
 12747 | Lair:3   | Found a staircase to the Shoals.
 12760 | Lair:3   | Reached skill level 1 in Unarmed Combat
 12786 | Lair:3   | Found a dark tunnel.
 12828 | Volcano  | Entered a volcano
 12845 | Volcano  | Noticed a stone giant
 12862 | Volcano  | Killed a stone giant
 13000 | Volcano  | Identified the cursed -2 pair of boots "Canuh" {rPois MR+ SInv}
 13208 | Lair:3   | Found a hole to the Spider Nest.
 13906 | Lair:4   | Reached skill level 5 in Unarmed Combat
 13918 | Lair:4   | Reached ***** piety under Ashenzari
 13930 | Lair:4   | Reached skill level 1 in Evocations
 14065 | Lair:4   | Noticed Josephine
 14089 | Lair:4   | Killed Josephine
 14179 | Lair:4   | Reached skill level 5 in Evocations
 14572 | Lair:5   | Found a burning altar of Makhleb.
 14608 | Lair:5   | Found a viscous altar of Jiyva.
 14608 | Lair:5   | Found a staircase to the Slime Pits.
 15100 | Lair:6   | Entered Level 6 of the Lair of Beasts
 15119 | Lair:6   | Gained mutation: You are mostly covered in sharp spines. [demonic ancestry]
 15119 | Lair:6   | Reached XP level 13. HP: 72/101 MP: 17/17
 15336 | Lair:6   | Reached skill level 10 in Fighting
 15336 | Lair:6   | Reached XP level 14. HP: 62/110 MP: 19/19
 15419 | Lair:6   | Reached skill level 5 in Stealth
 15848 | Lair:6   | Noticed an entropy weaver
 16530 | Lair:6   | Mangled by a dire elephant

Skill      XL: |  1  2  3  4  5  6  7  8  9 10 11 12 13 14 |
---------------+-------------------------------------------+-----
Long Blades    | 3 4 5 6 7 9 12 | 12.0
Shields        | 4 5 |  5.4
Armour         | 6 9 |  9.3
Dodging        | 5 9 |  9.3
Fighting       | 6 9 10 | 10.1
Unarmed Combat | 5 |  5.1
Evocations     | 6 |  6.8
Stealth        | 4 5 |  5.2
Throwing       | |  1.8

Action                   |  1- 3 |  4- 6 |  7- 9 | 10-12 | 13-15 || total
-------------------------+-------+-------+-------+-------+-------++-------
Melee: Long sword        |   122 |   231 |   299 |       |       ||   652
       Scimitar          |       |       |    53 |   591 |   185 ||   829
Invok: Curse Item        |       |     1 |     2 |     1 |       ||     4
Evoke: Wand              |       |       |       |     5 |       ||     5
  Use: Potion            |     1 |       |     3 |     9 |     2 ||    15
       Scroll            |       |     4 |     8 |     5 |     4 ||    21
 Stab: Sleeping          |       |     2 |     1 |       |     2 ||     5
       Distracted        |       |       |     1 |     4 |     3 ||     8
  Eat: Chunk             |     2 |     4 |     6 |    17 |     3 ||    32
       Fruit             |       |     1 |     1 |     4 |     2 ||     8
       Meat ration       |       |     1 |     1 |       |       ||     2
       Pizza             |       |       |     1 |       |       ||     1
       Beef jerky        |       |       |       |     1 |       ||     1
Armor: Leather armour    |    46 |    71 |    58 |       |       ||   175
       Ring mail         |       |       |     7 |   123 |    53 ||   183
       Skin              |       |       |       |     1 |       ||     1
Dodge: Dodged            |    89 |   136 |   135 |   248 |    91 ||   699
Block: Buckler           |       |    15 |    84 |   139 |    43 ||   281
       Rpst.: Long sword |    31 |    42 |    38 |       |       ||   111
       Scimitar          |       |       |     4 |    66 |    18 ||    88
